 Dungeon Crawl Stone Soup version 0.29.1-2-gbd0b4ee654 (webtiles) character file.

Game seed: 5339927054629588847

390 cdecastro the Destroyer (level 6, -6/32 HPs)
             Began as a Tengu Conjurer on Oct 26, 2022.
             Splashed by a jelly's acid (7 damage)
             ... on level 4 of the Dungeon.
             The game lasted 00:09:16 (3992 turns).

cdecastro the Destroyer (Tengu Conjurer)            Turns: 3992, Time: 00:09:16

Health: -6/32      AC: -7    Str:  7    XL:     6   Next: 80%
Magic:  8/10       EV: 14    Int: 21    God:
Gold:   98         SH:  0    Dex: 12    Spells: 6/9 levels left

rFire   . . .      SeeInvis .   l - +2 short sword (venom)
rCold   . . .      Faith    .   (no shield)
rNeg    . . .      Spirit   .   a - +0 robe
rPois   .          Reflect  .   q - +2 hat
rElec   .          Harm     .   g - +0 cloak
rCorr   .          Rampage  .   (no gloves)
Will    .....                   (boots unavailable)
Stlth   ++........              (no amulet)
HPRegen 0.10/turn               (no ring)
MPRegen 0.12/turn               (no ring)

@: corroded, flying quickly and evasively, quick
A: beak, talons 3, nimble flight
a: no special abilities


You were on level 4 of the Dungeon.
You visited 1 branch of the dungeon, and saw 4 of its levels.

You collected 98 gold pieces.

Inventory:

Hand Weapons
 d - a +0 dagger
 l - a +2 short sword of venom (weapon)
Missiles
 c - 41 stones
Armour
 a - a +0 robe (worn)
 g - a +0 cloak (worn)
 q - a +2 hat (worn)
 u - a +0 leather armour of poison resistance
 w - a +2 leather armour of cold resistance
Magical Staves
 p - a staff of death
Jewellery
 j - a ring of positive energy
 t - a ring of poison resistance
Scrolls
 e - a scroll of fear {unknown}
 h - 8 scrolls of identify {unknown}
 i - a scroll of poison {unknown}
 m - a scroll of enchant weapon {unknown}
 o - 2 scrolls of magic mapping {unknown}
 r - 3 scrolls of teleportation {unknown}
 v - a scroll of acquirement {unknown}
Potions
 b - a potion of magic
 f - 2 potions of curing {unknown}
 k - a potion of invisibility {unknown}
 n - a potion of resistance {unknown}
 s - a potion of might {unknown}


   Skills:
 - Level 2.1 Dodging
 - Level 2.0 Stealth
 - Level 2.0 Spellcasting
 + Level 10.3 Conjurations


You had 6 spell levels left.
You knew the following spells:

 Your Spells              Type           Power      Damage    Failure   Level
a - Magic Dart            Conj           100%       1d8       1%          1
b - Searing Ray           Conj           90%        2d7       1%          2

Your spell library contained the following spells:

 Spells                   Type           Power      Damage    Failure   Level
 Dazzling Flash           Conj/Hex       46%        N/A       5%          3
 Fulminant Prism          Conj/Hex       11%        3d9       17%         4
 Iskenderun's Mystic Bla  Conj/Tloc      23%        2d6       17%         4
 Animate Dead             Necr           2%         N/A       82%         4
 Alistair's Intoxication  Tmut/Pois      1%         N/A       99%         5
 Borgnjor's Vile Clutch   Necr/Erth      1%         N/A       99%         5
 Death Channel            Necr           1%         N/A       100%        6
 Eringya's Noxious Bog    Tmut/Pois      1%         N/A       100%        6


Dungeon Overview and Level Annotations

Branches:
Dungeon (4/15)
 Temple: D:4-7

Altars:
Zin


Innate Abilities, Weirdness & Mutations

You have a beak for a mouth.
You have claws for feet.
Your magical nature lets you fly swiftly and evasively.


Message History

Your Conjurations skill increases to level 10!
You start resting.
You hear a distant slurping noise.
Magic restored.
Things that are here:
a +0 long sword; a +0 robe
Found a stone staircase leading down.
h - 8 scrolls labelled BETRIOFFOSSI (gained 1)
A jelly comes into view.
A jelly is nearby!
The jelly quivers.
You hit the jelly. The acid corrodes you!
Your hands burn!
The jelly is lightly wounded.
The jelly hits you. The acid corrodes you!
You are splashed with acid.
You are too injured to fight recklessly!
You hit the jelly but do no damage.
The jelly is poisoned.
Your hands burn!
You peck the jelly, but do no damage.
The jelly is lightly wounded.
The jelly hits you.
You are splashed with acid.
* * * LOW HITPOINT WARNING * * *
You hit the jelly.
Your hands burn!
* * * LOW HITPOINT WARNING * * *
You claw the jelly, but do no damage.
The jelly is moderately wounded.
The jelly hits you.
* * * LOW HITPOINT WARNING * * *
The acid corrodes you!
You are splashed with acid.
* * * LOW HITPOINT WARNING * * *
Casting: Searing Ray (safe; 1% risk of failure)
Confirm with . or Enter, or press ? or * to list all spells.
Aiming: Searing Ray (safe; 1% risk of failure)
Press: ? - help, Shift-Dir - straight line, f - jelly
Aim: a jelly (moderately wounded, poisoned, 100% to hit)
The searing ray hits the jelly!
The jelly is almost dead. (Press . to maintain the ray.)
The jelly hits you.
* * * LOW HITPOINT WARNING * * *
The acid corrodes you!
You are splashed with acid!
You die...

.........#
##........#
.........#
###.......#
..........# #
.##.......#.#
.......J..#.#
#......@....#
.#.###....###
#...## .# #...#
....##...#
......>.##
....###.#####
............#######
...................


You could see a jelly (poisoned).

Vanquished Creatures
  Blork the orc (D:4)
  A scorpion (D:3)
  4 orc priests
  An iguana (D:4)
  3 adders (D:2)
  A worm (D:3)
  2 dart slugs (D:1)
  6 orcs
  8 ball pythons
  13 endoplasms
  2 giant cockroaches
  9 goblins
  5 hobgoblins
  A jackal (D:1)
  7 kobolds
  3 quokkas
  6 bats
  5 frilled lizards
  A rat (D:1)
79 creatures vanquished.

Notes
Turn   | Place    | Note
-------+----------+-------------------------------------------
     0 | D:1      | cdecastro the Tengu Conjurer began the quest for the Orb.
     0 | D:1      | Reached XP level 1. HP: 10/10 MP: 4/4
   162 | D:1      | Reached XP level 2. HP: 15/15 MP: 1/6
   232 | D:1      | Reached skill level 6 in Conjurations
   567 | D:1      | Reached XP level 3. HP: 19/19 MP: 5/7
   947 | D:1      | Reached skill level 7 in Conjurations
  1205 | D:2      | Learned a level 2 spell: Searing Ray
  1252 | D:2      | Found a faded altar of an unknown god.
  1274 | D:2      | Reached XP level 4. HP: 24/24 MP: 5/8
  1697 | D:2      | Reached skill level 8 in Conjurations
  1697 | D:2      | Gained mutation: Your magical nature lets you fly swiftly
                  | and evasively. [Tengu growth]
  1697 | D:2      | Reached XP level 5. HP: 25/28 MP: 4/9
  1906 | D:2      | Found a glowing silver altar of Zin.
  1982 | D:2      | Identified the +0 ring mail "Asydwead" {*Slow rPois rN+}
  2564 | D:3      | Reached skill level 9 in Conjurations
  2793 | D:3      | Reached XP level 6. HP: 6/32 MP: 1/10
  3880 | D:4      | Noticed Blork the orc
  3897 | D:4      | Killed Blork the orc
  3898 | D:4      | Reached skill level 10 in Conjurations
  3992 | D:4      | HP: 1/32 [jelly (3)]
  3992 | D:4      | Splashed by a jelly's acid

Illustrated notes

Levels and vault maps discovered:
D:1:      dpeg_arrival_round_c, layout_basic, minmay_heptomino_l4
D:2:      cheibrodos_pilgrimage, layout_basic, basic_altar,
          chequers_ecumenical_altar_island
D:3:      layout_basic
D:4:      layout_basic, minmay_pentangle, uniq_blork_the_orc

Skill      XL: |  1  2  3  4  5  6 |
---------------+-------------------+-----
Conjurations   | 6 7 8 9 10 | 10.3
Dodging        | |  2.1
Stealth        | |  2.0
Spellcasting   | |  2.0

Action                   |  1- 3 |  4- 6 || total
-------------------------+-------+-------++-------
Melee: Dagger            |     5 |       ||     5
       Short sword       |       |    44 ||    44
       Kick              |       |     8 ||     8
       Peck              |       |     8 ||     8
       Punch             |       |     2 ||     2
Throw: Stone             |       |     1 ||     1
 Cast: Magic Dart        |    61 |    21 ||    82
       Searing Ray       |       |    11 ||    11
 Stab: Sleeping          |       |     3 ||     3
Armor: Robe              |     1 |     8 ||     9
Dodge: Dodged            |    10 |    33 ||    43
